 Dungeon Sprint DCSS version 0.24-a0-244-ga6a6ab7 (webtiles) character file.

Game seed: 9152858138228156155

24308 MikeHunt the Devastator (level 12, 0/111 (113) HPs)
             Began as a White Draconian Conjurer on Apr 11, 2019.
             Was the Champion of Vehumet.
             Succumbed to poison (dark miasma)
             ... in the Dungeon (Sprint III: "The Ten Rune Challenge").
             The game lasted 00:27:44 (4113 turns).

MikeHunt the Devastator (White Draconian Conjurer)  Turns: 4113, Time: 00:27:45

HP:   0/111 (113)   AC: 12    Str: 13    XL:     12   Next: 79%
MP:   30/30         EV: 19    Int: 21    God:    Vehumet [******]
Gold: 3650          SH:  7    Dex: 14    Spells: 7/40 levels left

rFire    . . .     SeeInvis .   x - +3 eveningstar (protect)
rCold    + . .     Gourm    .   u - +2 buckler
rNeg     . . .     Faith    .   (armour unavailable)
rPois    .         Spirit   .   (helmet restricted)
rElec    .         Reflect  .   k - +0 cloak
rCorr    .         Harm     .   v - +2 pair of gloves {Dex+3}
MR       .....     NoTele   +   (no boots)
Stlth    ++........             (no amulet)
HPRegen  0.28/turn              (no ring)
MPRegen  0.22/turn              (no ring)

@: lethally poisoned (0 -> -43), berserk cooldown, very slightly contaminated,
slowed, very slow
A: breathe frost, unfitting armour, horns 1, cold resistance 1, strong 1,
cold-blooded, AC +8
a: Breathe Frost, Renounce Religion


You were in the Dungeon.
You worshipped Vehumet.
Vehumet was exalted by your worship.
You were not hungry.

You visited 1 branch You collected 4114 gold pieces.
You spent 464 gold pieces at shops.

Inventory:

Hand Weapons
 a - a +0 flail of protection
 f - a +0 blowgun
 j - a +4 quarterstaff of chaos
 x - a +3 eveningstar of protection (weapon)
Missiles
 s - 6 curare-tipped needles
 y - 7 javelins (quivered)
Armour
 d - a +0 hat
 k - a +0 cloak (worn)
 u - a +2 buckler (worn)
 v - a +2 pair of gloves of dexterity (worn)
Scrolls
 l - a scroll of torment {unknown}
 m - a scroll of identify {unknown}
 n - 4 scrolls of remove curse
 p - a scroll of immolation {unknown}
Potions
 c - 3 potions of lignification {unknown}
 e - a potion of haste
 g - a potion of berserk rage
 i - 3 potions of brilliance {unknown}
 o - 2 potions of flight
 q - 5 potions of mutation
 r - 3 potions of might
 t - 2 potions of degeneration {unknown}
 w - 2 potions of agility {unknown}
Comestibles
 b - 13 rations
 z - a chunk of flesh {@w1}


   Skills:
 - Level 12.4 Fighting
 + Level 12.5 Maces & Flails
 - Level 1.0(8.2) Staves
 - Level 10.5 Dodging
 - Level 1.7 Stealth
 - Level 5.2 Shields
 - Level 14.5 Spellcasting
 - Level 15.0 Conjurations
 - Level 8.0 Necromancy
 - Level 7.2 Ice Magic
 - Level 9.7 Air Magic
 - Level 8.0 Poison Magic


You had 7 spell levels left.
You knew the following spells:

 Your Spells              Type           Power        Failure   Level  Hunger
c - Dazzling Spray        Conj/Hex       #####.       1%          3    None
d - Iskenderun's Mystic   Conj           ######..     1%          4    None
e - Magic Dart            Conj           ####         0%          1    None
f - Bolt of Draining      Conj/Necr      ######....   1%          5    ###....
g - Bolt of Cold          Conj/Ice       ######....   1%          6    #####..
r - Searing Ray           Conj           ######       0%          2    None
t - Poison Arrow          Conj/Pois      ######....   1%          6    #####..
y - Freezing Cloud        Conj/Ice/Air   ######....   2%          6    #####..

Your spell library contained the following spells:

 Spells                   Type           Power        Failure   Level  Hunger
 Lehudib's Crystal Spear  Conj/Erth      #####.....   95%         8    #######
 Glaciate                 Conj/Ice       ######....   100%        9    #######
 Shatter                  Erth           ###.......   100%        9    #######
 Force Lance              Conj/Tloc      #####...     1%          4    None
 Fulminant Prism          Conj/Hex       #####.....   1%          4    None
 Confusing Touch          Hex            ###...       4%          1    None
 Confuse                  Hex            ###.....     12%         3    None
 Gell's Gravitas          Tloc           ###.......   12%         3    None
 Metabolic Englaciation   Hex/Ice        ####......   26%         5    ###....
 Yara's Violent Unravell  Hex/Tmut       ###.......   28%         5    ###....
 Petrify                  Tmut/Erth      ###.....     38%         4    None


Dungeon Overview and Level Annotations

Branches:
Dungeon (1/1)

Altars:
Cheibriados
Dithmenos
Elyvilon
Fedhas
Gozag
Hepliaklqana
Kikubaaqudgha
Makhleb
Nemelex Xobeh
Okawaru
Qazlal
Ru
Sif Muna
Trog
Uskayaw
Vehumet
Wu Jian
Xom
Yredelemnul
Zin
The Shining One
Beogh
Jiyva
Lugonu

Shops:
D [

Annotations:
D exclusion: 2 doors


Innate Abilities, Weirdness & Mutations

You can breathe waves of freezing cold.
You can buffet flying creatures when you breathe cold.
Your icy white scales are hard. (AC +8)
You cannot fit into any form of body armour.
Your flesh is cold resistant. (rC+)
You are cold-blooded and may be slowed by cold attacks.
You have a pair of small horns on your head.
Your muscles are strong. (Str +2)


Message History

Blink to where?
Press: ? - help, Dir - move target cursor You are very lightly contaminated with residual magic.
As you read the scroll of blinking, it crumbles to dust.
* * * LOW HITPOINT WARNING * * *
You feel extremely sick.
Okay, then.
A red film seems to cover your vision as you go berserk!
You feel yourself moving faster!
You feel mighty!
* * * LOW HITPOINT WARNING * * *
You feel extremely sick.
You feel a strong urge to attack something.
* * * LOW HITPOINT WARNING * * *
You feel very sick.
* * * LOW HITPOINT WARNING * * *
You feel very sick.
You feel your anger nearly subside.
You are no longer berserk.
You are exhausted.
You feel as though you will be slow longer.
You die...

≈≈≈≈≈≈≈≈≈♣♣P.'..^..^.#.......#
♣♣♣♣♣♣♣♣♣♣♣PP#.....^.#########
♣♣♣##'######## ♣♣♣♣♣♣♣♣♣♣♣
♣#)..'.§≈≈≈# ##≈≈≈≈≈≈..#
Z#)..#§≈≈§≈# .#≈≈≈≈≈...#
Z#...#.#§≈≈#
##'≈†≈≈≈####+#####.# ≈≈§#
..#≈≈....°..○#.PP..# §≈§
..#≈.))#######.)@..# §
###†).#......#..)).# ##
.((...#♣♣♣._.#....P# ☼§#
+###### #####'#####§§§#
#...°.+§°.+ #.######### #.#
#.# #.#


There were no monsters in sight!

Vanquished Creatures
  Rupert (D)
  Harold (D)
  Gastronok (D)
  2 dire elephants (D)
  2 hydras (D)
  Erolcha (D)
  3 orc high priests (D)
  Urug (D)
  A deep elf knight (D)
  A death drake (D)
  A spriggan druid (D)
  A lindwurm (D)
  Joseph (D)
  5 deep elf magi (D)
  An orc sorcerer (D)
  2 elephants (D)
  2 spiny frogs (D)
  A rime drake (D)
  A komodo dragon (D)
  3 wandering mushrooms (D)
  A queen bee (D)
  2 tyrant leeches (D)
  5 blink frogs (D)
  5 redbacks (D)
  2 spriggans (D)
  A shadow (D)
  A spatial vortex (D)
  A necrophage (D)
  2 orc warriors (D)
  A swamp drake (D)
  5 two-headed ogres (D)
  A water elemental (D)
  32 killer bees (D)
  An electric eel (D)
  A jelly (D)
  5 orc priests (D)
  Crazy Yiuf (D)
  An orc wizard (D)
  Jessica (D)
  A wizard (D)
  A necromancer (D)
  3 humans (D)
  A kobold demonologist (D)
  2 oozes (D)
  10 orcs (D)
  3 plants (D)
122 creatures vanquished.

Vanquished Creatures (others)
  2 draconian scorchers (D)
  Nessos (D)
  2 yaktaurs (D)
  6 hellions (D)
  4 plants (D)
15 creatures vanquished.

Grand Total: 137 creatures vanquished

Notes
Turn   | Place    | Note
-------+----------+-------------------------------------------
     0 | D        | MikeHunt the Draconian Conjurer began the quest for the
                  | Orb.
     0 | D        | Reached XP level 1. HP: 14/14 MP: 3/3
    20 | D        | Reached XP level 2. HP: 12/20 MP: 0/7
    53 | D        | Killed a yaktaur
   114 | D        | Killed a hellion
   116 | D        | Killed a hellion
   116 | D        | Killed a hellion
   116 | D        | Killed a hellion
   117 | D        | Killed a hellion
   119 | D        | Noticed Jessica
   127 | D        | Killed Jessica
   127 | D        | Reached skill level 5 in Spellcasting
   127 | D        | Reached skill level 5 in Conjurations
   127 | D        | Reached XP level 3. HP: 20/26 MP: 1/9
   183 | D        | Killed a hellion
   193 | D        | Learned a level 2 spell: Searing Ray
   197 | D        | Learned a level 3 spell: Dazzling Spray
   206 | D        | Noticed Crazy Yiuf
   206 | D        | Killed a white draconian scorcher
   212 | D        | Killed Crazy Yiuf
   212 | D        | Reached skill level 6 in Conjurations
   234 | D        | Killed a white draconian scorcher
   259 | D        | Gained mutation: Your muscles are strong. (Str +2) [potion
                  | of mutation]
   259 | D        | Gained mutation: You have a pair of small horns on your
                  | head. [potion of mutation]
   271 | D        | Reached XP level 4. HP: 32/33 MP: 0/12
   290 | D        | Learned a level 4 spell: Iskenderun's Mystic Blast
   360 | D        | Noticed a water elemental
   370 | D        | Killed a water elemental
   370 | D        | Reached skill level 7 in Conjurations
   370 | D        | Reached XP level 5. HP: 36/38 MP: 1/14
   463 | D        | Found a radiant altar of Vehumet.
   465 | D        | Found a deep blue altar of Sif Muna.
   465 | D        | Found an ancient bone altar of Kikubaaqudgha.
   466 | D        | Reached skill level 8 in Conjurations
   475 | D        | Became a worshipper of Vehumet
   530 | D        | Found a glowing silver altar of Zin.
   530 | D        | Found a glowing golden altar of the Shining One.
   530 | D        | Found a white marble altar of Elyvilon.
   531 | D        | Noticed a deep elf mage
   541 | D        | Killed a deep elf mage
   541 | D        | Reached skill level 10 in Spellcasting
   541 | D        | Reached skill level 11 in Conjurations
   541 | D        | Reached XP level 6. HP: 34/45 MP: 0/19
   541 | D        | Your scales start taking on an icy white colour.
   541 | D        | Reached XP level 7. HP: 38/50 MP: 0/21
   541 | D        | Gained mutation: Your flesh is cold resistant. (rC+) [White
                  | Draconian growth]
   663 | D        | Found a basalt altar of Yredelemnul.
   663 | D        | Found a shadowy altar of Dithmenos.
   663 | D        | Found a sacrificial altar of Ru.
   666 | D        | Reached * piety under Vehumet
   666 | D        | Offered knowledge of Shock by Vehumet.
   723 | D        | Found a hide-covered altar of Uskayaw.
   723 | D        | Found a roughly hewn altar of Beogh.
   723 | D        | Found an iron altar of Okawaru.
   723 | D        | Found a bloodstained altar of Trog.
   723 | D        | Found an ornate altar of the Wu Jian Council.
   723 | D        | Noticed a human
   723 | D        | Noticed a human
   725 | D        | Killed a human
   725 | D        | Reached skill level 12 in Conjurations
   728 | D        | Killed a human
   839 | D        | Reached ** piety under Vehumet
   839 | D        | Offered knowledge of Throw Frost by Vehumet.
   839 | D        | Reached XP level 8. HP: 57/57 MP: 18/23
   910 | D        | Found a blossoming altar of Fedhas.
   910 | D        | Found a stormy altar of Qazlal.
   910 | D        | Found a snail-covered altar of Cheibriados.
   910 | D        | Found a burning altar of Makhleb.
   910 | D        | Found a shimmering altar of Xom.
   911 | D        | Found a hazy altar of Hepliaklqana.
   911 | D        | Found an opulent altar of Gozag.
   911 | D        | Found a sparkling altar of Nemelex Xobeh.
   911 | D        | Found a corrupted altar of Lugonu.
   911 | D        | Found a viscous altar of Jiyva.
  1040 | D        | Offered knowledge of Inner Flame by Vehumet.
  1040 | D        | Reached skill level 13 in Conjurations
  1064 | D        | Reached *** piety under Vehumet
  1173 | D        | Noticed a two-headed ogre
  1189 | D        | Killed a two-headed ogre
  1243 | D        | Noticed an orc sorcerer
  1243 | D        | Noticed an orc high priest
  1243 | D        | Noticed an orc high priest
  1259 | D        | Noticed a hellwing
  1259 | D        | Noticed a red devil
  1261 | D        | Offered knowledge of Olgreb's Toxic Radiance by Vehumet.
  1263 | D        | Killed an orc high priest
  1263 | D        | Reached skill level 14 in Conjurations
  1263 | D        | Reached XP level 9. HP: 39/62 MP: 3/26
  1265 | D        | Killed an orc sorcerer
  1265 | D        | Reached **** piety under Vehumet
  1265 | D        | Reached skill level 15 in Conjurations
  1395 | D        | Offered knowledge of Conjure Flame by Vehumet.
  1395 | D        | Reached skill level 1 in Staves
  1445 | D        | Reached ***** piety under Vehumet
  1445 | D        | Reached skill level 1 in Fighting
  1634 | D        | Offered knowledge of Bolt of Cold by Vehumet.
  1642 | D        | Learned a level 6 spell: Bolt of Cold
  1732 | D        | Killed an orc high priest
  1810 | D        | Found Iwomp's Antique Armour Emporium.
  1833 | D        | Bought a runed buckler for 232 gold pieces
  1833 | D        | Bought a pair of embroidered gloves for 232 gold pieces
  1865 | D        | Noticed Erolcha
  1865 | D        | Noticed a two-headed ogre
  1868 | D        | Killed Erolcha
  1868 | D        | Reached skill level 5 in Dodging
  1868 | D        | Reached XP level 10. HP: 67/74 MP: 11/28
  1869 | D        | Reached skill level 5 in Shields
  2066 | D        | Offered knowledge of Poison Arrow by Vehumet.
  2074 | D        | Learned a level 6 spell: Poison Arrow
  2155 | D        | Noticed a spiny frog
  2155 | D        | Noticed a spiny frog
  2159 | D        | Killed a spiny frog
  2159 | D        | Killed a spiny frog
  2280 | D        | Reached ****** piety under Vehumet
  2280 | D        | Reached skill level 5 in Fighting
  2281 | D        | Offered knowledge of Freezing Cloud by Vehumet.
  2289 | D        | Learned a level 6 spell: Freezing Cloud
  2291 | D        | Reached skill level 5 in Poison Magic
  2468 | D        | Noticed a deep elf mage
  2468 | D        | Noticed a deep elf mage
  2468 | D        | Noticed a deep elf mage
  2468 | D        | Noticed a deep elf knight
  2468 | D        | Noticed a deep elf mage
  2474 | D        | Killed a deep elf mage
  2474 | D        | Reached skill level 1 in Air Magic
  2474 | D        | Reached XP level 11. HP: 92/92 MP: 16/29
  2476 | D        | Killed a deep elf mage
  2481 | D        | Killed a deep elf knight
  2488 | D        | Killed a deep elf mage
  2488 | D        | Offered knowledge of Bolt of Draining by Vehumet.
  2495 | D        | Learned a level 5 spell: Bolt of Draining
  2495 | D        | Killed a deep elf mage
  2619 | D        | Reached skill level 5 in Air Magic
  2644 | D        | Killed Nessos
  2704 | D        | Reached skill level 1 in Necromancy
  2720 | D        | Noticed a dire elephant
  2832 | D        | Noticed Gastronok
  2841 | D        | Killed Gastronok
  2841 | D        | Reached skill level 10 in Fighting
  2917 | D        | Noticed a dire elephant
  2924 | D        | Killed a dire elephant
  2924 | D        | Reached skill level 5 in Necromancy
  2994 | D        | Killed a dire elephant
  3041 | D        | Noticed an azure jelly
  3041 | D        | Noticed an azure jelly
  3041 | D        | Noticed an azure jelly
  3042 | D        | Noticed an azure jelly
  3044 | D        | Noticed Rupert
  3091 | D        | Paralysed by Rupert for 2 turns
  3092 | D        | Killed Rupert
  3092 | D        | Offered knowledge of Spellforged Servitor by Vehumet.
  3092 | D        | Reached XP level 12. HP: 111/113 MP: 19/30
  3192 | D        | Reached skill level 10 in Dodging
  3262 | D        | Noticed Urug
  3264 | D        | Killed Urug
  3278 | D        | Noticed a five-headed hydra
  3278 | D        | Noticed an eight-headed hydra
  3283 | D        | Killed an eight-headed hydra
  3283 | D        | Killed a five-headed hydra
  3283 | D        | Offered knowledge of Ozocubu's Refrigeration by Vehumet.
  3314 | D        | Found a blossoming altar of Fedhas.
  3593 | D        | Offered knowledge of Conjure Ball Lightning by Vehumet.
  3598 | D        | Reached skill level 10 in Maces & Flails
  3661 | D        | Noticed Harold
  3661 | D        | Noticed Joseph
  3665 | D        | Killed Harold
  3674 | D        | Killed Joseph
  4049 | D        | Offered knowledge of Lehudib's Crystal Spear by Vehumet.
  4049 | D        | Offered knowledge of Glaciate by Vehumet.
  4049 | D        | Offered knowledge of Shatter by Vehumet.
  4112 | D        | HP: 5/166 [poison (dark miasma)]
  4113 | D        | Succumbed to poison (dark miasma)

Levels and vault maps discovered:
D:        dungeon_sprint_mu [sprint_mu_entry_forest, sprint_mu_temple_rooms,
          sprint_mu_d1_spiders, sprint_mu_d2_genie, sprint_mu_d3_branching,
          sprint_mu_orc_legion, sprint_mu_elf_gauntlet, sprint_mu_hive_nellie,
          sprint_mu_lair_fedhas, sprint_mu_vaults_butterflies,
          sprint_mu_slime_circle, sprint_mu_shoals_archi,
          sprint_mu_snake_twists, sprint_mu_blade_basic,
          sprint_mu_crypt_chambers, sprint_mu_tomb_spiral,
          sprint_mu_vestibule_basic, sprint_mu_gehenna_hellfire,
          sprint_mu_dis_giant, sprint_mu_tartarus_statrot,
          sprint_mu_cocytus_islands, sprint_mu_zot1]

Skill      XL: |  1  2  3  4  5  6  7  8  9 10 11 12 |
---------------+-------------------------------------+-----
Spellcasting   | 4 5 6 7 10 11 13 14 | 14.5
Conjurations   | 5 6 7 11 12 14 15 | 15.0
Staves         | 1 |  1.0
Fighting       | 2 7 12 | 12.4
Dodging        | 5 9 10 | 10.5
Ice Magic      | 7 |  7.2
Shields        | 4 5 |  5.2
Poison Magic   | 6 8 |  8.0
Air Magic      | 1 9 |  9.7
Necromancy     | 8 |  8.0
Maces & Flails | 12 | 12.5
Stealth        | |  1.7

Action                   |  1- 3 |  4- 6 |  7- 9 | 10-12 || total
-------------------------+-------+-------+-------+-------++-------
Melee: Unarmed           |    14 |       |       |       ||    14
       Tailslap          |     5 |       |     2 |     1 ||     8
       Quarterstaff      |       |     2 |     5 |       ||     7
       Headbutt          |       |     1 |     1 |     3 ||     5
       Flail             |       |       |    13 |    14 ||    27
       Eveningstar       |       |       |       |     3 ||     3
 Cast: Magic Dart        |    14 |     1 |    17 |     7 ||    39
       Searing Ray       |     2 |       |     3 |    16 ||    21
       Iskenderun's Myst |       |     8 |    40 |     6 ||    54
       Bolt of Cold      |       |       |     2 |    15 ||    17
       Dazzling Spray    |       |       |       |     2 ||     2
       Poison Arrow      |       |       |       |    23 ||    23
       Freezing Cloud    |       |       |       |    17 ||    17
       Bolt of Draining  |       |       |       |     8 ||     8
 Abil: Breathe Frost     |       |       |     6 |    10 ||    16
Evoke: Phantom mirror    |       |       |       |     1 ||     1
  Use: Potion            |     1 |       |       |     7 ||     8
       Scroll            |       |       |       |     1 ||     1
  Eat: Chunk             |       |       |     6 |    12 ||    18
       Ration            |       |       |       |     4 ||     4
Armor: Skin              |       |     2 |     2 |     5 ||     9
Dodge: Dodged            |    11 |     2 |    21 |    32 ||    66
Block: Buckler           |       |       |       |    22 ||    22

Table legend:
 A = Non-vault XP
 B = Vault XP
 C = Vault XP percentage of total XP
 D = Non-vault monster count
 E = Vault monster count
 F = Vault count percentage of total count
                 A         B        C        D         E       F
            +---------+---------+-------+---------+---------+-------
      Total |       0 |   34727 | 100.0 |       0 |     119 | 100.0
            +---------+---------+-------+---------+---------+-------
          D |       0 |   34727 | 100.0 |       0 |     119 | 100.0
            +---------+---------+-------+---------+---------+-------
